Map: Aura letal EJ

Players

Chronos

  • Race: Zerg Zerg
  • League: Silver
  • Spawn Location: 5:00

IIllIllIl - Winner!

  • Race: Zerg Zerg
  • League: Silver
  • Spawn Location: 11:00

VOD

Have the link to the VOD?

Description

Time

  • Played on: June 20, 2020, 9:30 p.m.
  • Length: 5:59
Show
View Real Time Build Order
Export as new Build Order

Chronos Zerg 

Build Orders: Pool First 

Get SALT Encoding   

  12  0:01  Drone  
  13  0:12  Overlord  
  13  0:22  Drone  
  14  0:37  Drone  
  14  0:38  Drone x2  
  18  0:50  Drone, Spawning Pool  
  17  0:59  Drone  
  18  1:15  Hatchery  
  17  1:20  Drone  
  17  1:23  Drone, Extractor  
  18  1:41  Zergling x2  
  18  1:43  Queen  
  21  1:51  Drone  
  22  1:55  Drone, Roach Warren  
  22  2:00  Extractor  
  21  2:05  Overlord  
  21  2:20  Drone  
  22  2:27  Overlord  
  22  2:31  Drone  
  22  2:36  Queen  
  25  2:40  Roach x2  
  28  2:47  Roach  
  30  2:56  Roach  
  30  2:57  Roach  
  34  3:04  Drone  
  36  3:05  Drone  
  36  3:15  Drone x3  
  39  3:32  Roach x2  
  43  3:36  Lair  
  43  3:47  Drone  
  43  3:48  Overlord x2  
  44  4:07  Roach x4  
  44  4:08  Roach  
  48  4:22  Roach x3  
  52  4:29  Zergling x4  
  52  4:52  Roach x3, Zergling x2  
  59  4:55  Drone  
  59  4:59  Overlord  
  60  5:20  Roach x4  
  58  5:31  Roach x3, Zergling x6  
Show
View Real Time Build Order
Export as new Build Order

IIllIllIl Zerg - Winner!

Build Orders: Hatch First 

Get SALT Encoding   

  12  0:02  Drone  
  13  0:10  Drone  
  14  0:23  Overlord  
  14  0:26  Drone, Extractor  
  15  0:48  Drone  
  15  0:49  Drone x2  
  18  0:59  Hatchery  
  17  1:12  Spawning Pool  
  17  1:16  Drone  
  17  1:18  Extractor  
  17  1:20  Drone  
  17  1:23  Drone  
  18  1:32  Drone  
  19  1:49  Overlord  
  19  2:00  Zergling x2  
  20  2:01  Queen  
  22  2:12  Queen  
  22  2:14  Zergling x4  
  26  2:17  Zergling x2  
  27  2:23  Drone  
  27  2:29  Drone  
  29  2:44  Drone  
  29  2:45  Drone x2  
  29  2:47  Metabolic Boost  
  32  2:53  Roach Warren  
  31  3:09  Drone x5  
  36  3:19  Overlord  
  36  3:21  Overlord  
  36  3:26  Overlord  
  36  3:27  Overlord  
  35  3:37  Spine Crawler x2  
  35  3:40  Roach x4  
  41  3:51  Roach x3  
  42  4:11  Roach x2  
  46  4:24  Roach x3  
  52  4:26  Zergling x10  
  57  4:40  Roach x2  
  61  4:46  Roach  
  61  4:52  Roach  
  65  4:57  Extractor  
  65  4:58  Zergling x8  
  63  5:17  Zergling x10  
  63  5:20  Roach  
  66  5:23  Roach  
  62  5:29  Roach  
  62  5:30  Roach  
Tags
 
Add a new tag
Caveats
  • Supply blocks, unpowered buildings, or Contaminate may cause inaccurate times.
  • Supply counts are checked every 10 seconds.